 Dungeon Crawl Stone Soup version 0.25.1-2-g60ff931df9 (webtiles) character file.

Game seed: 6531021323245347960

55 mashulace the Skirmisher (level 3, 0/29 HPs)
             Began as a Demonspawn Fighter on Nov 15, 2020.
             Slain by Natasha (2 damage)
             ... on level 2 of the Dungeon.
             The game lasted 00:04:51 (1999 turns).

mashulace the Skirmisher (Demonspawn Fighter)       Turns: 1999, Time: 00:04:51

Health: 0/29       AC:  6    Str: 17    XL:     3   Next: 67%
Magic:  3/3        EV: 10    Int:  9    God:
Gold:   70         SH:  9    Dex: 12    Spells: 2/2 levels left

rFire    . . .     SeeInvis .   a - +0 flail
rCold    . . .     Gourm    .   c - +0 kite shield
rNeg     . . .     Faith    .   b - +0 scale mail
rPois    .         Spirit   .   (no helmet)
rElec    .         Reflect  .   (no cloak)
rCorr    .         Harm     .   (no gloves)
MR       .....                  (no boots)
Stlth    ..........             (no amulet)
HPRegen  0.09/turn              (no ring)
MPRegen  0.08/turn              (no ring)

@: no status effects
A: repulsion field 2
a: no special abilities


You were on level 2 of the Dungeon.
You were not hungry.

You visited 1 branch of the dungeon, and saw 3 of its levels.

You collected 70 gold pieces.

Inventory:

Hand Weapons
 a - a +0 flail (weapon)
 l - a +0 short sword
 m - a +1 vorpal hunting sling
Missiles
 q - 4 stones (quivered)
Armour
 b - a +0 scale mail (worn)
 c - a +0 kite shield (worn)
Scrolls
 e - a scroll of remove curse
 h - a scroll of enchant weapon {unknown}
 i - 3 scrolls of noise {unknown}
 k - a scroll of amnesia {unknown}
 o - 2 scrolls of magic mapping
 p - a scroll of identify
 r - a scroll of blinking {unknown}
Potions
 d - a potion of might
 j - a potion of heal wounds {unknown}
Comestibles
 f - 6 rations


   Skills:
 + Level 3.4 Fighting
 + Level 2.5 Maces & Flails
 + Level 2.9 Armour
 + Level 0.5 Dodging
 + Level 3.1 Shields


You had 2 spell levels left.
You didn't know any spells.
Your spell library was empty.

Dungeon Overview and Level Annotations

Branches:
Dungeon (3/15)

Altars:
Uskayaw

Annotations:
D:2 Natasha, Sigmund


Innate Abilities, Weirdness & Mutations

You are surrounded by a moderate repulsion field. (EV +3)


Message History

Natasha closely misses you. Natasha barely misses you.
You closely miss Natasha.
Natasha is almost dead.
Natasha claws you but does no damage.
You barely miss Natasha.
Natasha is almost dead.
Natasha stares at you and mumbles some strange words.
The magic dart hits you.
* * * LOW HITPOINT WARNING * * *
You barely miss Natasha.
Natasha is almost dead.
Natasha stares at you and mumbles some strange words.
You resist with significant effort.
Natasha stares at you and mumbles some strange words.
The magic dart hits you.
* * * LOW HITPOINT WARNING * * *
You closely miss Natasha.
Natasha is almost dead.
Natasha claws you.
You die...

#########
#.......#
#.#####.# #.#
#.# #.# #.#
#.#####.#
#.....#.#
#..@..#.#
#.....h..#.#
#........#.#
#........#.#
#........#.#
#........#.#
..!..%..###.#
......#.# #.#
#.############


You could see Natasha.

Vanquished Creatures
  An adder (D:2)
  An adder skeleton (D:2)
  A leopard gecko (D:2)
  2 bats
  2 giant cockroaches (D:1)
  5 goblins (D:1)
  6 hobgoblins
  6 jackals (D:1)
  5 kobolds
  5 frilled lizards
  4 rats
38 creatures vanquished.

Notes
Turn   | Place    | Note
-------+----------+-------------------------------------------
     0 | D:1      | mashulace the Demonspawn Fighter began the quest for the
                  | Orb.
     0 | D:1      | Reached XP level 1. HP: 18/18 MP: 1/1
   292 | D:1      | Gained mutation: You are surrounded by a mild repulsion
                  | field. (EV +2) [demonic ancestry]
   292 | D:1      | Reached XP level 2. HP: 14/24 MP: 2/2
  1277 | D:1      | Gained mutation: You are surrounded by a moderate repulsion
                  | field. (EV +3) [demonic ancestry]
  1277 | D:1      | Reached XP level 3. HP: 26/29 MP: 3/3
  1610 | D:2      | Found a hide-covered altar of Uskayaw.
  1629 | D:2      | Noticed Sigmund
  1980 | D:2      | Noticed Natasha
  1998 | D:2      | HP: 1/29 [Natasha/magic dart (1)]
  1999 | D:2      | Slain by Natasha

Illustrated notes

Levels and vault maps discovered:
D:1:      minmay_arrival_loop, layout_basic
D:2:      layout_basic, lemuel_doored_altar, nicolae_overflow_crystal_walls,
          uniq_natasha, uniq_sigmund
D:3:      layout_loops_ring, fountainhead, minmay_curled_crystal,
          hangedman_decor_clover_reticule, lemuel_tele_altar

Skill      XL: |  1  2 |
---------------+-------+-----
Shields        | 3 |  3.1
Maces & Flails | 2 |  2.5
Fighting       | |  3.4
Armour         | |  2.9
Dodging        | |  0.5

Action                   || total
-------------------------++-------
Melee: Flail             ||   150
  Use: Scroll            ||     3
  Eat: Chunk             ||     3
       Ration            ||     1
Armor: Scale mail        ||    78
Dodge: Dodged            ||    54
Block: Kite shield       ||    88
